AoeStats
← SnarlinPaper

MegaRandom

508500570Analyzed
2v2 RM · 11d ago on Sep 22, 2026· 36m 35s· 4 players
Game mode
Random Map
Map size
Medium (4 player)
Population
200
Speed
Normal
Resources
Standard
Victory
Conquest
Starting age
Dark Age
Ending age
Imperial Age
RankedLock teamsTeams togetherTeam positionsShared explorationLock speedFull tech treeHidden civsTurbo modeCheats
Victory
Defeat
🇨🇦 Varangians · Canada
1759
+11
🇩🇰 Saxons · Denmark
1737
+11
🇬🇧 Varangians · United Kingdom
1653
-12
🇬🇧 Saxons · United Kingdom
1622
-10
ges
0:29 Loom
8:28 Feudal Age
8:56 Double-Bit Axe
8:44 Man-at-Arms
10:19 Arson
11:16 Horse Collar
19:34 Fletching
22:07 Castle Age
20:34 Scale Mail Armor
22:28 Wheelbarrow
23:20 Bodkin Arrow
23:32 Squires
23:18 Gambesons
23:49 Chain Mail Armor
23:43 Elite Skirmisher
24:35 Gold Mining
29:25 Forging
31:50 Bow Saw
32:51 Iron Casting
36:09 Imperial Age
34:54 Heavy Plow
34:41 Town Watch
Atomicus
0:28 Loom
8:10 Feudal Age
8:51 Double-Bit Axe
12:04 Bloodlines
13:17 Forging
16:47 Horse Collar
20:37 Castle Age
19:53 Scale Barding Armor
19:58 Gold Mining
21:46 Chain Barding Armor
22:26 Husbandry
27:52 Wheelbarrow
30:02 Iron Casting
32:21 Stone Mining
Ash
0:31 Loom
8:32 Feudal Age
8:34 Man-at-Arms
9:11 Double-Bit Axe
12:44 Arson
13:35 Fletching
22:33 Castle Age
23:25 Bodkin Arrow
22:51 Crossbowman
23:55 Bow Saw
23:25 Horse Collar
26:22 Ballistics
27:49 Scale Mail Armor
30:47 Chain Mail Armor
32:29 Forging
36:45 Imperial Age
SnarlinPaper
0:36 Loom
5:24 Loom
7:55 Feudal Age
9:06 Double-Bit Axe
14:32 Bloodlines
17:15 Forging
24:04 Castle Age
21:49 Horse Collar
22:29 Scale Barding Armor
24:11 Light Cavalry
25:29 Iron Casting
25:26 Bow Saw
28:53 Wheelbarrow
30:49 Gold Mining
32:21 Town Watch
34:04 Fletching
34:49 Bodkin Arrow
Connection lost

Rejoining the realm…

Still unreachable

The connection could not be restored.

Session expired

The server has moved on; the page needs a fresh start.